Philadelphia Flyers vs Nashville Predators
Created - Friday, February 21, 2025 at 08:08
Goals
|
| Philadelphia Flyers |
0 |
0 |
1 |
1 |
| Nashville Predators |
2 |
1 |
0 |
3 |
|
Shots
|
| Philadelphia Flyers |
7 |
9 |
20 |
36 |
| Nashville Predators |
12 |
10 |
10 |
32 |
|
1st period
1. Nashville Predators , Colton Sissons 7 (Alex DeBrincat 9, Brandon Hagel 10) at 0:16
2. Nashville Predators , Pius Suter 2 (Thomas Novak 4, Travis Sanheim 2) at 8:37
Penalties :
Casey Cizikas (PHI) for Hooking (Minor) at 16:00, Brandon Montour (NSH) for Tripping (Minor) at 19:37
2nd period
3. Nashville Predators , Leo Carlsson 8 (Rasmus Andersson 2, Thomas Novak 5) at 14:57
Penalties :
Travis Sanheim (NSH) for Holding (Minor) at 0:19, Artem Zub (NSH) for Tripping (Minor) at 9:57, Joel Edmundson (PHI) for Hooking (Minor) at 18:57
3rd period
4. Philadelphia Flyers , Luke Glendening 1 (Trevor van Riemsdyk 2, Sean Kuraly 8) at 0:10 (SH)
Penalties :
Joshua Brown (PHI) for Holding (Minor) at 7:36, Luke Glendening (PHI) for Delaying the game (Minor) at 13:05, Jeff Skinner (PHI) for Slashing (Minor) at 17:01
Goalie Stats
Connor Ingram (PHI), 29 saves from 32 shots - (0.906), L, 4-6-2, 60:00 minutes
Thatcher Demko (NSH), 35 saves from 36 shots - (0.972), W, 7-4-1, 60:00 minutes
Players Stats for Philadelphia Flyers
Player Name G A P +/- PIM S H SB GA TA FO MP PP MP PK MP
------------------------------------------------------------------------------------
Brandon Duhaime 0 0 0 -1 0 2 2 0 2 0 1/1 11:00 0:00 0:00
Brett Murray 0 0 0 -1 0 0 2 0 0 0 0/0 11:23 0:00 0:00
Casey Cizikas 0 0 0 -1 2 4 0 1 1 0 8/15 17:25 1:34 3:47
Cody Glass 0 0 0 -1 0 2 2 0 0 1 0/2 13:20 2:09 0:00
Fredrik Olofsson 0 0 0 0 0 1 0 0 0 0 0/0 11:37 0:59 0:51
Jack McBain 0 0 0 -1 0 2 2 1 1 1 9/20 15:33 2:22 1:33
Jeff Skinner 0 0 0 -1 2 2 1 1 2 0 0/0 13:26 1:53 0:00
Joel Edmundson 0 0 0 0 2 0 1 1 0 0 0/0 14:17 0:00 0:00
Joshua Brown 0 0 0 -1 2 1 2 2 0 0 0/0 17:29 0:00 3:38
Juuso Parssinen 0 0 0 -1 0 5 1 0 0 1 0/0 13:54 2:30 0:23
Luke Glendening 1 0 1 0 2 6 3 2 0 1 0/0 16:46 0:09 3:44
Marcus Johansson 0 0 0 0 0 4 3 0 1 0 1/1 10:54 0:15 0:00
Radek Faksa 0 0 0 0 0 3 2 0 0 0 2/4 16:31 0:00 4:52
Sean Kuraly 0 1 1 0 0 1 0 1 1 0 12/22 18:20 2:09 4:49
Trevor van Riemsdyk 0 1 1 1 0 0 0 1 0 2 0/0 22:52 2:17 4:51
Vladislav Gavrikov 0 0 0 -1 0 2 2 1 0 1 0/0 24:25 2:23 5:17
William Borgen 0 0 0 -1 0 1 1 4 0 1 0/0 24:11 2:23 5:04
Zac Jones 0 0 0 -2 0 0 0 1 0 0 0/0 16:37 2:17 0:51
Players Stats for Nashville Predators
Player Name G A P +/- PIM S H SB GA TA FO MP PP MP PK MP
------------------------------------------------------------------------------------
Alex DeBrincat 0 1 1 1 0 5 0 0 2 0 0/0 20:12 5:18 0:18
Alexander Wennberg 0 0 0 0 0 0 1 2 0 0 9/20 13:21 0:00 0:00
Artem Zub 0 0 0 2 2 0 1 0 0 3 0/0 19:34 0:00 2:00
Ben Chiarot 0 0 0 0 0 1 2 0 0 1 0/0 16:05 0:00 2:36
Brandon Hagel 0 1 1 0 0 3 0 0 0 0 1/2 22:47 4:37 2:21
Brandon Montour 0 0 0 1 2 1 1 3 0 0 0/0 21:41 4:05 0:29
Christian Dvorak 0 0 0 0 0 0 0 0 1 0 2/5 8:36 0:00 0:43
Colton Sissons 1 0 1 0 0 3 3 1 0 1 15/28 23:18 4:37 2:55
Jack Roslovic 0 0 0 0 0 3 0 0 1 0 0/0 7:38 0:00 0:00
Leo Carlsson 1 0 1 1 0 5 0 1 1 1 0/0 15:50 4:37 0:34
Mattias Samuelsson 0 0 0 0 0 0 1 0 0 0 0/0 13:46 0:00 0:53
Pius Suter 1 0 1 2 0 1 1 0 0 0 5/7 15:37 5:18 0:44
Rasmus Andersson 0 1 1 1 0 1 1 2 0 1 0/0 22:28 5:50 1:36
Taylor Raddysh 0 0 0 0 0 2 0 0 0 1 0/0 7:02 0:00 0:00
Thomas Novak 0 2 2 2 0 1 1 0 0 0 0/2 8:44 0:00 0:00
Timo Meier 0 0 0 0 0 2 1 0 3 0 0/1 18:01 5:18 0:00
Travis Sanheim 0 1 1 0 2 2 2 2 0 0 0/0 19:48 4:05 1:45
Trevor Zegras 0 0 0 0 0 2 4 0 0 0 0/0 19:32 5:50 0:28
3 Stars
1 - Thatcher Demko (NSH)
2 - Thomas Novak (NSH)
3 - Pius Suter (NSH)
Power Play
Philadelphia Flyers - 0 on 3 Attempt(s) - 0.00%
Nashville Predators - 0 on 5 Attempt(s) - 0.00%
Penalty Kill
Philadelphia Flyers - 5 on 5 Attempt(s) - 100.00%
- Score 1 goal in Penalty Kill
Nashville Predators - 3 on 3 Attempt(s) - 100.00%
- Score 0 goal in Penalty Kill
Team Stat
Philadelphia Flyers - Hits : 24 - Faceoff Wins : 33 - Blocked Shots : 16 - Penalty Minutes : 10
Nashville Predators - Hits : 19 - Faceoff Wins : 32 - Blocked Shots : 11 - Penalty Minutes : 6
Official
Referees : Jordan Samuels and Pierre Lambert
Linesman : Ryan Jackson and Bevan Mills
Game Notes
No Game Note
Finance
Level 1 -- Attendance: 5040 (84.00%) -- Ticket Income $504,000
Level 2 -- Attendance: 4005 (80.10%) -- Ticket Income $240,300
Level 3 -- Attendance: 2069 (68.97%) -- Ticket Income $72,415
Level 4 -- Attendance: 3587 (71.74%) -- Ticket Income $89,675
Luxury Box -- Attendance: 819 (81.90%) -- Ticket Income $163,800
Game was played at the Bridgestone Arena.
Total Attendance: 15520 (77.60%)
Total Ticket Income: $1,070,190
Other Income: $374,566
Total Income: $1,444,756
Philadelphia Flyers
5 vs 5 Forward
Center Left Wing Right Wing Time % Phy DF OF
1 Casey Cizikas Jeff Skinner Brett Murray 25 0 1 4
2 Jack McBain Juuso Parssinen Brandon Duhaime 25 0 2 3
3 Sean Kuraly Cody Glass Luke Glendening 25 0 1 4
4 Radek Faksa Marcus Johansson Fredrik Olofsson 25 0 2 3
5 vs 5 Defense
Defense Defense Time % Phy DF OF
1 Vladislav Gavrikov William Borgen 35 0 2 3
2 Trevor van Riemsdyk Joel Edmundson 35 0 2 3
3 Zac Jones Joshua Brown 30 0 2 3
4 Vladislav Gavrikov William Borgen 0 1 2 2
PowerPlay Forward
Center Left Wing Right Wing Time % Phy DF OF
1 Jack McBain Jeff Skinner Juuso Parssinen 50 0 0 5
2 Casey Cizikas Cody Glass Sean Kuraly 50 0 0 5
PowerPlay Defense
Defense Defense Time % Phy DF OF
1 William Borgen Vladislav Gavrikov 50 0 1 4
2 Zac Jones Trevor van Riemsdyk 50 0 1 4
Penalty Kill 4 Players Forward
Center Wing Time % Phy DF OF
1 Casey Cizikas Radek Faksa 50 0 5 0
2 Sean Kuraly Luke Glendening 50 0 5 0
Penalty Kill 4 Players Defense
Defense Defense Time % Phy DF OF
1 Vladislav Gavrikov William Borgen 50 0 5 0
2 Trevor van Riemsdyk Joshua Brown 50 0 5 0
Penalty Kill - 3 Players Forward
Forward Time % Phy DF OF
1 Casey Cizikas 50 0 5 0
2 Radek Faksa 50 0 5 0
Penalty Kill - 3 Players Defense
Defense Defense Time % Phy DF OF
1 Vladislav Gavrikov William Borgen 50 0 5 0
2 Trevor van Riemsdyk Joshua Brown 50 0 5 0
4 vs 4 Forward
Center Wing Time % Phy DF OF
1 Jeff Skinner Casey Cizikas 50 0 1 4
2 Jack McBain Juuso Parssinen 50 0 1 4
4 vs 4 Defense
Defense Defense Time % Phy DF OF
1 Vladislav Gavrikov William Borgen 50 0 2 3
2 Trevor van Riemsdyk Joel Edmundson 50 0 2 3
Last Minutes Offensive
Center Left Wing Right Wing Defense Defense
Casey Cizikas Jeff Skinner Jack McBain Vladislav Gavrikov William Borgen
Last Minutes Defensive
Center Left Wing Right Wing Defense Defense
Casey Cizikas Radek Faksa Sean Kuraly Vladislav Gavrikov William Borgen
Goaltenders
Starting : Connor Ingram
Backup : Jake Allen
Extra Forwards
Normal : Jack McBain, Jeff Skinner, Cody Glass - PP : Jack McBain, Jeff Skinner - PK : Jack McBain
Extra Defensemen
Normal : Vladislav Gavrikov, William Borgen, Trevor van Riemsdyk - PP : Vladislav Gavrikov - PK : Vladislav Gavrikov, William Borgen
Penalty Shots
Casey Cizikas, Cody Glass, Jeff Skinner, Juuso Parssinen, Sean Kuraly
Scratches
Chase De Leo (Healthy), Charles Hudon (Healthy), Jacob MacDonald (Healthy)
Nashville Predators
5 vs 5 Forward
Center Left Wing Right Wing Time % Phy DF OF
1 Colton Sissons Brandon Hagel Alex DeBrincat 37 0 2 3
2 Alexander Wennberg Trevor Zegras Timo Meier 33 0 2 3
3 Thomas Novak Pius Suter Leo Carlsson 25 0 2 3
4 Christian Dvorak Jack Roslovic Taylor Raddysh 5 0 3 2
5 vs 5 Defense
Defense Defense Time % Phy DF OF
1 Artem Zub Brandon Montour 40 1 2 2
2 Rasmus Andersson Travis Sanheim 36 1 4 0
3 Ben Chiarot Mattias Samuelsson 24 0 5 0
4 Artem Zub Ben Chiarot 0 1 3 1
PowerPlay Forward
Center Left Wing Right Wing Time % Phy DF OF
1 Pius Suter Timo Meier Alex DeBrincat 50 1 1 3
2 Colton Sissons Brandon Hagel Leo Carlsson 50 1 1 3
PowerPlay Defense
Defense Defense Time % Phy DF OF
1 Brandon Montour Travis Sanheim 50 1 1 3
2 Trevor Zegras Rasmus Andersson 50 2 2 1
Penalty Kill 4 Players Forward
Center Wing Time % Phy DF OF
1 Colton Sissons Brandon Hagel 65 1 2 2
2 Christian Dvorak Alexander Wennberg 35 1 2 2
Penalty Kill 4 Players Defense
Defense Defense Time % Phy DF OF
1 Artem Zub Travis Sanheim 60 2 3 0
2 Brandon Montour Rasmus Andersson 40 1 3 1
Penalty Kill - 3 Players Forward
Forward Time % Phy DF OF
1 Colton Sissons 50 1 2 2
2 Christian Dvorak 50 1 2 2
Penalty Kill - 3 Players Defense
Defense Defense Time % Phy DF OF
1 Artem Zub Travis Sanheim 50 1 2 2
2 Brandon Montour Rasmus Andersson 50 1 2 2
4 vs 4 Forward
Center Wing Time % Phy DF OF
1 Colton Sissons Leo Carlsson 50 1 2 2
2 Alexander Wennberg Brandon Hagel 50 1 2 2
4 vs 4 Defense
Defense Defense Time % Phy DF OF
1 Brandon Montour Travis Sanheim 60 2 2 1
2 Rasmus Andersson Artem Zub 40 2 2 1
Last Minutes Offensive
Center Left Wing Right Wing Defense Defense
Colton Sissons Alex DeBrincat Timo Meier Brandon Hagel Brandon Montour
Last Minutes Defensive
Center Left Wing Right Wing Defense Defense
Alexander Wennberg Brandon Hagel Colton Sissons Artem Zub Travis Sanheim
Goaltenders
Starting : Thatcher Demko
Backup : Anthony Stolarz
Extra Forwards
Normal : Leo Carlsson, Trevor Zegras, Pius Suter - PP : Trevor Zegras, Thomas Novak - PK : Leo Carlsson
Extra Defensemen
Normal : Rasmus Andersson, Brandon Montour, Travis Sanheim - PP : Rasmus Andersson - PK : Ben Chiarot, Artem Zub
Penalty Shots
Alex DeBrincat, Brandon Hagel, Thomas Novak, Timo Meier, Leo Carlsson
Scratches
Jayden Struble (Healthy), Kailer Yamamoto (Healthy), Victor Olofsson (Healthy), Mads Sogaard (Healthy), Samuel Ersson (Healthy)
% Time on Ice - Philadelphia Flyers
Lines # - Real PCT - Wanted PCT - Time Play
Normal Forward
1 - 27% - 25% - 12:24
2 - 26% - 25% - 11:42
3 - 23% - 25% - 10:40
4 - 23% - 25% - 10:39
Normal Defense
1 - 36% - 35% - 16:22
2 - 35% - 35% - 16:05
3 - 28% - 30% - 12:36
4 - 1% - 0% - 0:22
PP Forward
1 - 54% - 50% - 2:31
2 - 46% - 50% - 2:09
PP Defense
1 - 51% - 50% - 2:23
2 - 49% - 50% - 2:17
PK Forward
1 - 49% - 50% - 4:52
2 - 51% - 50% - 5:03
PK Defense
1 - 48% - 50% - 4:45
2 - 52% - 50% - 5:10
PK3 Forward
1 - 0% - 50%
2 - 0% - 50%
PK3 Defense
1 - 0% - 50%
2 - 0% - 50%
44 Forward
1 - 0% - 50%
2 - 0% - 50%
44 Defense
1 - 0% - 50%
2 - 0% - 50%
Last Minute Offensive - 0:00
Last Minute Defensive - 0:00
Total
Forward - 60:00
Defense - 60:00
|
% Time on Ice - Nashville Predators
Lines # - Real PCT - Wanted PCT - Time Play
Normal Forward
1 - 35% - 37% - 15:48
2 - 30% - 33% - 13:51
3 - 19% - 25% - 8:44
4 - 15% - 5% - 7:02
Normal Defense
1 - 37% - 40% - 16:58
2 - 33% - 36% - 14:58
3 - 28% - 24% - 12:49
4 - 1% - 0% - 0:40
PP Forward
1 - 53% - 50% - 5:18
2 - 47% - 50% - 4:37
PP Defense
1 - 41% - 50% - 4:05
2 - 59% - 50% - 5:50
PK Forward
1 - 100% - 65% - 3:23
2 - 0% - 35% - 0:00
PK Defense
1 - 86% - 60% - 2:54
2 - 14% - 40% - 0:29
PK3 Forward
1 - 44% - 50% - 0:34
2 - 56% - 50% - 0:43
PK3 Defense
1 - 51% - 50% - 0:39
2 - 49% - 50% - 0:38
44 Forward
1 - 0% - 50%
2 - 0% - 50%
44 Defense
1 - 0% - 60%
2 - 0% - 40%
Last Minute Offensive - 0:00
Last Minute Defensive - 0:00
Total
Forward - 60:00
Defense - 60:00
|
Play-by-Play
1st period
0:01 of 1st period - Colton Sissons wins face-off versus Casey Cizikas in neutral zone.
0:08 of 1st period - Slapshot by Alex DeBrincat.
0:08 of 1st period - Shot Blocked by Casey Cizikas.
0:14 of 1st period - Backhand shot by Alex DeBrincat.
0:14 of 1st period - Shot Blocked by William Borgen.
0:16 of 1st period - Wrist shot by Colton Sissons.
0:16 of 1st period - Goal by Colton Sissons - Philadelphia Flyers : 0 - Nashville Predators : 1.
0:17 of 1st period - Jack McBain wins face-off versus Alexander Wennberg in neutral zone.
0:20 of 1st period - Rasmus Andersson is hit by Brandon Duhaime.
0:30 of 1st period - Wrist shot by Jack McBain.
0:30 of 1st period - Stopped by Thatcher Demko without a rebound.
0:31 of 1st period - Pius Suter wins face-off versus Cody Glass in Nashville Predators zone.
1:43 of 1st period - Artem Zub is hit by Cody Glass and loses puck.
2:01 of 1st period - Slapshot by Casey Cizikas.
2:01 of 1st period - Shot Misses the Net.
2:03 of 1st period - Slapshot by Joshua Brown.
2:03 of 1st period - Shot Misses the Net.
2:13 of 1st period - Wrist shot by Leo Carlsson.
2:13 of 1st period - Stopped by Connor Ingram with a rebound.
2:15 of 1st period - Slapshot by Artem Zub.
2:15 of 1st period - Shot Misses the Net.
2:25 of 1st period - Wrist shot by Timo Meier.
2:25 of 1st period - Deflect By Alexander Wennberg.
2:25 of 1st period - Shot Blocked by Joshua Brown.
2:25 of 1st period - Puck is out of play.
2:26 of 1st period - Colton Sissons wins face-off versus Jack McBain in Philadelphia Flyers zone.
2:39 of 1st period - Slapshot by Alex DeBrincat.
2:39 of 1st period - Shot Misses the Net.
2:41 of 1st period - Slapshot by Travis Sanheim.
2:41 of 1st period - Stopped by Connor Ingram without a rebound.
2:42 of 1st period - Alexander Wennberg wins face-off versus Sean Kuraly in Philadelphia Flyers zone.
3:18 of 1st period - Brandon Montour is hit by Marcus Johansson and loses puck.
5:36 of 1st period - Snap shot by Juuso Parssinen.
5:36 of 1st period - Shot Misses the Net.
6:10 of 1st period - Slapshot by Marcus Johansson.
6:10 of 1st period - Shot Misses the Net.
6:12 of 1st period - Slapshot by William Borgen.
6:12 of 1st period - Shot Misses the Net.
7:06 of 1st period - Luke Glendening is hit by Travis Sanheim and loses puck.
7:11 of 1st period - Backhand shot by Timo Meier.
7:11 of 1st period - Shot Blocked by Trevor van Riemsdyk.
7:13 of 1st period - Wrist shot by Rasmus Andersson.
7:13 of 1st period - Deflect By Timo Meier.
7:13 of 1st period - Shot Misses the Net.
7:13 of 1st period - Puck is out of play.
7:14 of 1st period - Colton Sissons wins face-off versus Radek Faksa in Philadelphia Flyers zone.
7:38 of 1st period - Mattias Samuelsson is hit by Marcus Johansson and loses puck.
8:03 of 1st period - Slapshot by Marcus Johansson.
8:03 of 1st period - Stopped by Thatcher Demko without a rebound.
8:04 of 1st period - Casey Cizikas wins face-off versus Alexander Wennberg in Nashville Predators zone.
8:05 of 1st period - Snap shot by Jeff Skinner.
8:05 of 1st period - Stopped by Thatcher Demko with a rebound.
8:13 of 1st period - Joshua Brown is hit by Trevor Zegras and loses puck.
8:37 of 1st period - Snap shot by Pius Suter.
8:37 of 1st period - Goal by Pius Suter - Philadelphia Flyers : 0 - Nashville Predators : 2.
8:38 of 1st period - Colton Sissons wins face-off versus Jack McBain in neutral zone.
8:40 of 1st period - Off-side.
8:41 of 1st period - Jack McBain wins face-off versus Colton Sissons in neutral zone.
8:50 of 1st period - Backhand shot by Juuso Parssinen.
8:50 of 1st period - Deflect By Jack McBain.
8:50 of 1st period - Shot Blocked by Travis Sanheim.
8:50 of 1st period - Puck is out of play.
8:51 of 1st period - Jack McBain wins face-off versus Thomas Novak in Nashville Predators zone.
8:56 of 1st period - Snap shot by Juuso Parssinen.
8:56 of 1st period - Shot Misses the Net.
8:58 of 1st period - Slapshot by William Borgen.
8:58 of 1st period - Stopped by Thatcher Demko with a rebound.
9:00 of 1st period - Slapshot by Brandon Duhaime.
9:00 of 1st period - Shot Misses the Net.
10:07 of 1st period - Backhand shot by Taylor Raddysh.
10:07 of 1st period - Stopped by Connor Ingram without a rebound.
10:08 of 1st period - Christian Dvorak wins face-off versus Jack McBain in Philadelphia Flyers zone.
10:19 of 1st period - Wrist shot by Taylor Raddysh.
10:19 of 1st period - Shot Blocked by Joel Edmundson.
10:21 of 1st period - Slapshot by Taylor Raddysh.
10:21 of 1st period - Shot Blocked by Jack McBain.
10:23 of 1st period - Snap shot by Taylor Raddysh.
10:23 of 1st period - Stopped by Connor Ingram without a rebound.
10:24 of 1st period - Alexander Wennberg wins face-off versus Casey Cizikas in Philadelphia Flyers zone.
11:11 of 1st period - Slapshot by Joel Edmundson.
11:11 of 1st period - Shot Blocked by Travis Sanheim.
11:13 of 1st period - Snap shot by Brandon Duhaime.
11:13 of 1st period - Shot Misses the Net.
11:15 of 1st period - Wrist shot by Vladislav Gavrikov.
11:15 of 1st period - Stopped by Thatcher Demko with a rebound.
11:37 of 1st period - Slapshot by Radek Faksa.
11:37 of 1st period - Deflect By Marcus Johansson.
11:37 of 1st period - Shot Blocked by Brandon Montour.
11:37 of 1st period - Puck is out of play.
11:38 of 1st period - Colton Sissons wins face-off versus Casey Cizikas in Nashville Predators zone.
11:48 of 1st period - Wrist shot by Jeff Skinner.
11:48 of 1st period - Shot Misses the Net.
11:50 of 1st period - Wrist shot by Brett Murray.
11:50 of 1st period - Shot Misses the Net.
11:52 of 1st period - Backhand shot by Joshua Brown.
11:52 of 1st period - Stopped by Thatcher Demko with a rebound.
12:04 of 1st period - Cody Glass is hit by Trevor Zegras and loses puck.
12:09 of 1st period - Snap shot by Timo Meier.
12:09 of 1st period - Stopped by Connor Ingram without a rebound.
12:10 of 1st period - Marcus Johansson wins face-off versus Alexander Wennberg in Philadelphia Flyers zone.
12:42 of 1st period - Wrist shot by Alex DeBrincat.
12:42 of 1st period - Stopped by Connor Ingram with a rebound.
13:00 of 1st period - William Borgen is hit by Thomas Novak and loses puck.
13:40 of 1st period - Wrist shot by Juuso Parssinen.
13:40 of 1st period - Stopped by Thatcher Demko without a rebound.
13:41 of 1st period - Christian Dvorak wins face-off versus Radek Faksa in Nashville Predators zone.
13:53 of 1st period - Snap shot by Jack Roslovic.
13:53 of 1st period - Stopped by Connor Ingram without a rebound.
13:54 of 1st period - Brandon Hagel wins face-off versus Sean Kuraly in Philadelphia Flyers zone.
14:08 of 1st period - Icing by Rasmus Andersson.
14:09 of 1st period - Casey Cizikas wins face-off versus Colton Sissons in Nashville Predators zone.
14:34 of 1st period - Snap shot by Alex DeBrincat.
14:34 of 1st period - Stopped by Connor Ingram without a rebound.
14:35 of 1st period - Alexander Wennberg wins face-off versus Jack McBain in Philadelphia Flyers zone.
15:02 of 1st period - Cody Glass is hit by Pius Suter.
15:17 of 1st period - Off-side.
15:18 of 1st period - Radek Faksa wins face-off versus Colton Sissons in neutral zone.
16:00 of 1st period - Minor Penalty to Casey Cizikas for Hooking.
16:01 of 1st period - Pius Suter wins face-off versus Jack McBain in Philadelphia Flyers zone.
16:50 of 1st period - Snap shot by Trevor Zegras.
16:50 of 1st period - Deflect By Alex DeBrincat.
16:50 of 1st period - Shot Misses the Net.
16:50 of 1st period - Puck is out of play.
16:51 of 1st period - Sean Kuraly wins face-off versus Pius Suter in Philadelphia Flyers zone.
17:02 of 1st period - Travis Sanheim is hit by Vladislav Gavrikov and loses puck.
17:15 of 1st period - Vladislav Gavrikov is hit by Colton Sissons and loses puck.
17:26 of 1st period - Leo Carlsson is hit by Jack McBain and loses puck.
17:37 of 1st period - Radek Faksa is hit by Trevor Zegras and loses puck.
18:00 of 1st period - Penalty to Casey Cizikas is over, Casey Cizikas is back on ice.
18:15 of 1st period - Snap shot by Christian Dvorak.
18:15 of 1st period - Shot Blocked by Sean Kuraly.
18:17 of 1st period - Slapshot by Ben Chiarot.
18:17 of 1st period - Stopped by Connor Ingram without a rebound.
18:18 of 1st period - Colton Sissons wins face-off versus Jack McBain in Philadelphia Flyers zone.
18:21 of 1st period - Snap shot by Brandon Hagel.
18:21 of 1st period - Shot Misses the Net.
18:29 of 1st period - Wrist shot by Alex DeBrincat.
18:29 of 1st period - Shot Blocked by William Borgen.
18:35 of 1st period - Mattias Samuelsson is hit by Juuso Parssinen.
18:45 of 1st period - William Borgen is hit by Mattias Samuelsson and loses puck.
19:10 of 1st period - Slapshot by Leo Carlsson.
19:10 of 1st period - Stopped by Connor Ingram without a rebound.
19:11 of 1st period - Sean Kuraly wins face-off versus Alexander Wennberg in Philadelphia Flyers zone.
19:37 of 1st period - Minor Penalty to Brandon Montour for Tripping.
19:38 of 1st period - Jack McBain wins face-off versus Brandon Hagel in Nashville Predators zone.
19:38 of 1st period - Snap shot by Jeff Skinner.
19:38 of 1st period - Shot Misses the Net.
Goals for this period are 0 for Philadelphia Flyers vs 2 for Nashville Predators.
Shots for this period are 7 for Philadelphia Flyers vs 12 for Nashville Predators.
2nd period
0:01 of 2nd period - Colton Sissons wins face-off versus Casey Cizikas in neutral zone.
0:19 of 2nd period - Minor Penalty to Travis Sanheim for Holding.
0:20 of 2nd period - Colton Sissons wins face-off versus Casey Cizikas in Nashville Predators zone.
0:34 of 2nd period - Slapshot by Sean Kuraly.
0:34 of 2nd period - Stopped by Thatcher Demko without a rebound.
0:35 of 2nd period - Colton Sissons wins face-off versus Jack McBain in Nashville Predators zone.
1:36 of 2nd period - Icing by Trevor van Riemsdyk.
1:37 of 2nd period - Penalty to Brandon Montour is over, Brandon Montour is back on ice.
1:37 of 2nd period - Colton Sissons wins face-off versus Jack McBain in Philadelphia Flyers zone.
1:38 of 2nd period - Snap shot by Brandon Hagel.
1:38 of 2nd period - Stopped by Connor Ingram without a rebound.
1:39 of 2nd period - Colton Sissons wins face-off versus Casey Cizikas in Philadelphia Flyers zone.
1:40 of 2nd period - Snap shot by Brandon Hagel.
1:40 of 2nd period - Shot Blocked by Zac Jones.
2:19 of 2nd period - Penalty to Travis Sanheim is over, Travis Sanheim is back on ice.
2:32 of 2nd period - Snap shot by Marcus Johansson.
2:32 of 2nd period - Stopped by Thatcher Demko without a rebound.
2:33 of 2nd period - Alexander Wennberg wins face-off versus Sean Kuraly in Nashville Predators zone.
3:05 of 2nd period - Wrist shot by Casey Cizikas.
3:05 of 2nd period - Shot Misses the Net.
3:07 of 2nd period - Snap shot by Zac Jones.
3:07 of 2nd period - Shot Blocked by Leo Carlsson.
3:20 of 2nd period - Off-side.
3:21 of 2nd period - Radek Faksa wins face-off versus Colton Sissons in neutral zone.
3:34 of 2nd period - Wrist shot by Marcus Johansson.
3:34 of 2nd period - Shot Misses the Net.
3:48 of 2nd period - Fredrik Olofsson is hit by Colton Sissons and loses puck.
4:01 of 2nd period - Snap shot by Fredrik Olofsson.
4:01 of 2nd period - Stopped by Thatcher Demko with a rebound.
4:05 of 2nd period - Snap shot by Marcus Johansson.
4:05 of 2nd period - Stopped by Thatcher Demko with a rebound.
4:27 of 2nd period - Snap shot by Radek Faksa.
4:27 of 2nd period - Shot Blocked by Brandon Montour.
4:39 of 2nd period - Backhand shot by Alex DeBrincat.
4:39 of 2nd period - Deflect By Brandon Hagel.
4:39 of 2nd period - Stopped by Connor Ingram with a rebound.
4:41 of 2nd period - Snap shot by Brandon Hagel.
4:41 of 2nd period - Shot Misses the Net.
4:51 of 2nd period - Snap shot by Brandon Hagel.
4:51 of 2nd period - Shot Blocked by William Borgen.
4:53 of 2nd period - Slapshot by Brandon Montour.
4:53 of 2nd period - Shot Misses the Net.
4:55 of 2nd period - Backhand shot by Artem Zub.
4:55 of 2nd period - Shot Blocked by William Borgen.
6:01 of 2nd period - Slapshot by Brandon Hagel.
6:01 of 2nd period - Stopped by Connor Ingram with a rebound.
6:03 of 2nd period - Slapshot by Alex DeBrincat.
6:03 of 2nd period - Shot Misses the Net.
6:05 of 2nd period - Slapshot by Brandon Montour.
6:05 of 2nd period - Shot Misses the Net.
6:07 of 2nd period - Slapshot by Brandon Montour.
6:07 of 2nd period - Deflect By Colton Sissons.
6:07 of 2nd period - Shot Misses the Net.
6:07 of 2nd period - Puck is out of play.
6:08 of 2nd period - Sean Kuraly wins face-off versus Alexander Wennberg in Philadelphia Flyers zone.
6:21 of 2nd period - Snap shot by Cody Glass.
6:21 of 2nd period - Stopped by Thatcher Demko with a rebound.
7:02 of 2nd period - Snap shot by Jack Roslovic.
7:02 of 2nd period - Stopped by Connor Ingram without a rebound.
7:03 of 2nd period - Sean Kuraly wins face-off versus Alexander Wennberg in Philadelphia Flyers zone.
7:13 of 2nd period - Slapshot by Luke Glendening.
7:13 of 2nd period - Stopped by Thatcher Demko without a rebound.
7:14 of 2nd period - Brandon Duhaime wins face-off versus Alexander Wennberg in Nashville Predators zone.
7:27 of 2nd period - Backhand shot by Timo Meier.
7:27 of 2nd period - Stopped by Connor Ingram with a rebound.
7:29 of 2nd period - Wrist shot by Alexander Wennberg.
7:29 of 2nd period - Shot Misses the Net.
7:47 of 2nd period - Slapshot by Thomas Novak.
7:47 of 2nd period - Deflect By Leo Carlsson.
7:47 of 2nd period - Stopped by Connor Ingram with a rebound.
7:49 of 2nd period - Wrist shot by Pius Suter.
7:49 of 2nd period - Shot Misses the Net.
7:59 of 2nd period - Wrist shot by Jack Roslovic.
7:59 of 2nd period - Shot Misses the Net.
8:01 of 2nd period - Snap shot by Ben Chiarot.
8:01 of 2nd period - Shot Blocked by Jeff Skinner.
8:03 of 2nd period - Slapshot by Mattias Samuelsson.
8:03 of 2nd period - Shot Misses the Net.
9:24 of 2nd period - Travis Sanheim is hit by Vladislav Gavrikov and loses puck.
9:29 of 2nd period - Snap shot by Casey Cizikas.
9:29 of 2nd period - Stopped by Thatcher Demko without a rebound.
9:30 of 2nd period - Sean Kuraly wins face-off versus Alexander Wennberg in Nashville Predators zone.
9:33 of 2nd period - Snap shot by Cody Glass.
9:33 of 2nd period - Shot Misses the Net.
9:35 of 2nd period - Snap shot by Luke Glendening.
9:35 of 2nd period - Stopped by Thatcher Demko without a rebound.
9:36 of 2nd period - Alexander Wennberg wins face-off versus Sean Kuraly in Nashville Predators zone.
9:49 of 2nd period - Slapshot by Sean Kuraly.
9:49 of 2nd period - Shot Blocked by Alexander Wennberg.
9:51 of 2nd period - Slapshot by Sean Kuraly.
9:51 of 2nd period - Shot Misses the Net.
9:57 of 2nd period - Minor Penalty to Artem Zub for Tripping.
9:58 of 2nd period - Colton Sissons wins face-off versus Jack McBain in Nashville Predators zone.
11:57 of 2nd period - Penalty to Artem Zub is over, Artem Zub is back on ice.
12:10 of 2nd period - Snap shot by Brandon Montour.
12:10 of 2nd period - Shot Misses the Net.
12:16 of 2nd period - Taylor Raddysh is hit by Radek Faksa.
12:25 of 2nd period - Artem Zub is hit by Marcus Johansson and loses puck.
12:47 of 2nd period - Wrist shot by Marcus Johansson.
12:47 of 2nd period - Shot Blocked by Brandon Montour.
12:49 of 2nd period - Wrist shot by Radek Faksa.
12:49 of 2nd period - Stopped by Thatcher Demko without a rebound.
12:50 of 2nd period - Alexander Wennberg wins face-off versus Jack McBain in Nashville Predators zone.
13:15 of 2nd period - Ben Chiarot is hit by Brett Murray and loses puck.
13:30 of 2nd period - Jack McBain is hit by Colton Sissons and loses puck.
13:37 of 2nd period - Alex DeBrincat is hit by Cody Glass and loses puck.
14:25 of 2nd period - Pius Suter is hit by Luke Glendening and loses puck.
14:32 of 2nd period - Zac Jones is hit by Artem Zub and loses puck.
14:49 of 2nd period - Snap shot by Leo Carlsson.
14:49 of 2nd period - Shot Misses the Net.
14:51 of 2nd period - Snap shot by Pius Suter.
14:51 of 2nd period - Shot Misses the Net.
14:53 of 2nd period - Slapshot by Pius Suter.
14:53 of 2nd period - Shot Misses the Net.
14:55 of 2nd period - Snap shot by Thomas Novak.
14:55 of 2nd period - Stopped by Connor Ingram with a rebound.
14:57 of 2nd period - Slapshot by Rasmus Andersson.
14:57 of 2nd period - Deflect By Leo Carlsson.
14:57 of 2nd period - Goal by Leo Carlsson - Philadelphia Flyers : 0 - Nashville Predators : 3.
14:58 of 2nd period - Sean Kuraly wins face-off versus Alexander Wennberg in neutral zone.
15:01 of 2nd period - Wrist shot by Luke Glendening.
15:01 of 2nd period - Shot Blocked by Rasmus Andersson.
15:25 of 2nd period - Casey Cizikas is hit by Travis Sanheim and loses puck.
16:06 of 2nd period - Ben Chiarot is hit by Joshua Brown and loses puck.
17:03 of 2nd period - Wrist shot by Brandon Duhaime.
17:03 of 2nd period - Shot Misses the Net.
18:01 of 2nd period - Leo Carlsson is hit by Brett Murray and loses puck.
18:20 of 2nd period - Trevor Zegras is hit by Jack McBain and loses puck.
18:47 of 2nd period - Snap shot by Alex DeBrincat.
18:47 of 2nd period - Shot Misses the Net.
18:49 of 2nd period - Wrist shot by Ben Chiarot.
18:49 of 2nd period - Shot Misses the Net.
18:51 of 2nd period - Backhand shot by Mattias Samuelsson.
18:51 of 2nd period - Shot Misses the Net.
18:57 of 2nd period - Minor Penalty to Joel Edmundson for Hooking.
18:58 of 2nd period - Sean Kuraly wins face-off versus Colton Sissons in Philadelphia Flyers zone.
19:31 of 2nd period - Wrist shot by Alex DeBrincat.
19:31 of 2nd period - Shot Misses the Net.
19:33 of 2nd period - Slapshot by Brandon Montour.
19:33 of 2nd period - Stopped by Connor Ingram with a rebound.
19:35 of 2nd period - Slapshot by Travis Sanheim.
19:35 of 2nd period - Stopped by Connor Ingram with a rebound.
Goals for this period are 0 for Philadelphia Flyers vs 1 for Nashville Predators.
Shots for this period are 9 for Philadelphia Flyers vs 10 for Nashville Predators.
3rd period
0:01 of 3rd period - Sean Kuraly wins face-off versus Colton Sissons in neutral zone.
0:08 of 3rd period - Snap shot by Trevor van Riemsdyk.
0:08 of 3rd period - Shot Misses the Net.
0:10 of 3rd period - Slapshot by Luke Glendening.
0:10 of 3rd period - Goal by Luke Glendening - Philadelphia Flyers : 1 - Nashville Predators : 3.
0:11 of 3rd period - Casey Cizikas wins face-off versus Colton Sissons in neutral zone.
0:13 of 3rd period - Off-side.
0:14 of 3rd period - Casey Cizikas wins face-off versus Colton Sissons in neutral zone.
0:21 of 3rd period - Slapshot by Casey Cizikas.
0:21 of 3rd period - Shot Blocked by Rasmus Andersson.
0:25 of 3rd period - Wrist shot by Casey Cizikas.
0:25 of 3rd period - Deflect By Radek Faksa.
0:25 of 3rd period - Shot Blocked by Colton Sissons.
0:25 of 3rd period - Puck is out of play.
0:26 of 3rd period - Pius Suter wins face-off versus Sean Kuraly in Nashville Predators zone.
0:57 of 3rd period - Penalty to Joel Edmundson is over, Joel Edmundson is back on ice.
0:57 of 3rd period - Snap shot by Radek Faksa.
0:57 of 3rd period - Stopped by Thatcher Demko without a rebound.
0:58 of 3rd period - Jack McBain wins face-off versus Colton Sissons in Nashville Predators zone.
1:11 of 3rd period - Slapshot by Brandon Duhaime.
1:11 of 3rd period - Shot Misses the Net.
1:13 of 3rd period - Wrist shot by Juuso Parssinen.
1:13 of 3rd period - Stopped by Thatcher Demko with a rebound.
1:23 of 3rd period - Sean Kuraly is hit by Ben Chiarot and loses puck.
1:48 of 3rd period - Slapshot by Rasmus Andersson.
1:48 of 3rd period - Stopped by Connor Ingram with a rebound.
1:50 of 3rd period - Snap shot by Christian Dvorak.
1:50 of 3rd period - Shot Misses the Net.
1:54 of 3rd period - Slapshot by Jack Roslovic.
1:54 of 3rd period - Stopped by Connor Ingram without a rebound.
1:55 of 3rd period - Colton Sissons wins face-off versus Jack McBain in Philadelphia Flyers zone.
1:56 of 3rd period - Snap shot by Alex DeBrincat.
1:56 of 3rd period - Stopped by Connor Ingram with a rebound.
2:08 of 3rd period - Snap shot by Jack McBain.
2:08 of 3rd period - Stopped by Thatcher Demko without a rebound.
2:09 of 3rd period - Sean Kuraly wins face-off versus Alexander Wennberg in Nashville Predators zone.
2:10 of 3rd period - Wrist shot by Cody Glass.
2:10 of 3rd period - Stopped by Thatcher Demko without a rebound.
2:11 of 3rd period - Alexander Wennberg wins face-off versus Sean Kuraly in Nashville Predators zone.
2:36 of 3rd period - Juuso Parssinen is hit by Brandon Montour and loses puck.
2:40 of 3rd period - Icing by Brandon Duhaime.
2:41 of 3rd period - Jack McBain wins face-off versus Colton Sissons in Philadelphia Flyers zone.
3:20 of 3rd period - Brandon Duhaime is hit by Rasmus Andersson and loses puck.
3:35 of 3rd period - Slapshot by Juuso Parssinen.
3:35 of 3rd period - Stopped by Thatcher Demko without a rebound.
3:36 of 3rd period - Alexander Wennberg wins face-off versus Sean Kuraly in Nashville Predators zone.
4:23 of 3rd period - Trevor van Riemsdyk is hit by Ben Chiarot and loses puck.
4:42 of 3rd period - Radek Faksa is hit by Alexander Wennberg and loses puck.
5:31 of 3rd period - Brandon Hagel is hit by William Borgen and loses puck.
6:14 of 3rd period - Snap shot by Brandon Duhaime.
6:14 of 3rd period - Stopped by Thatcher Demko without a rebound.
6:15 of 3rd period - Jack McBain wins face-off versus Alexander Wennberg in Nashville Predators zone.
6:16 of 3rd period - Wrist shot by Brandon Duhaime.
6:16 of 3rd period - Shot Blocked by Alexander Wennberg.
6:18 of 3rd period - Snap shot by Brandon Duhaime.
6:18 of 3rd period - Stopped by Thatcher Demko with a rebound.
6:20 of 3rd period - Slapshot by Brandon Duhaime.
6:20 of 3rd period - Deflect By Juuso Parssinen.
6:20 of 3rd period - Stopped by Thatcher Demko with a rebound.
6:22 of 3rd period - Snap shot by Jack McBain.
6:22 of 3rd period - Shot Misses the Net.
6:24 of 3rd period - Wrist shot by Jack McBain.
6:24 of 3rd period - Shot Misses the Net.
6:44 of 3rd period - Snap shot by Brandon Hagel.
6:44 of 3rd period - Shot Blocked by Luke Glendening.
6:46 of 3rd period - Slapshot by Colton Sissons.
6:46 of 3rd period - Stopped by Connor Ingram with a rebound.
6:48 of 3rd period - Snap shot by Travis Sanheim.
6:48 of 3rd period - Shot Misses the Net.
6:52 of 3rd period - Wrist shot by Alex DeBrincat.
6:52 of 3rd period - Stopped by Connor Ingram without a rebound.
6:53 of 3rd period - Casey Cizikas wins face-off versus Thomas Novak in Philadelphia Flyers zone.
7:36 of 3rd period - Minor Penalty to Joshua Brown for Holding.
7:37 of 3rd period - Pius Suter wins face-off versus Sean Kuraly in Philadelphia Flyers zone.
7:46 of 3rd period - Timo Meier is hit by Luke Glendening and loses puck.
7:53 of 3rd period - Sean Kuraly is hit by Timo Meier.
8:15 of 3rd period - Radek Faksa is hit by Trevor Zegras and loses puck.
9:36 of 3rd period - Penalty to Joshua Brown is over, Joshua Brown is back on ice.
9:49 of 3rd period - Ben Chiarot is hit by Brandon Duhaime and loses puck.
10:10 of 3rd period - Trevor Zegras is hit by Radek Faksa and loses puck.
10:20 of 3rd period - Icing by Radek Faksa.
10:21 of 3rd period - Casey Cizikas wins face-off versus Christian Dvorak in Philadelphia Flyers zone.
10:30 of 3rd period - Wrist shot by Casey Cizikas.
10:30 of 3rd period - Stopped by Thatcher Demko without a rebound.
10:31 of 3rd period - Colton Sissons wins face-off versus Sean Kuraly in Nashville Predators zone.
10:31 of 3rd period - Colton Sissons is hit by Joel Edmundson.
10:39 of 3rd period - Wrist shot by Rasmus Andersson.
10:39 of 3rd period - Shot Blocked by Luke Glendening.
11:18 of 3rd period - Brandon Montour is hit by Jeff Skinner and loses puck.
11:23 of 3rd period - Snap shot by Jeff Skinner.
11:23 of 3rd period - Shot Misses the Net.
11:25 of 3rd period - Wrist shot by Jeff Skinner.
11:25 of 3rd period - Stopped by Thatcher Demko without a rebound.
11:26 of 3rd period - Colton Sissons wins face-off versus Sean Kuraly in Nashville Predators zone.
11:37 of 3rd period - Snap shot by Colton Sissons.
11:37 of 3rd period - Stopped by Connor Ingram with a rebound.
12:01 of 3rd period - Snap shot by Juuso Parssinen.
12:01 of 3rd period - Stopped by Thatcher Demko with a rebound.
12:24 of 3rd period - Wrist shot by Marcus Johansson.
12:24 of 3rd period - Stopped by Thatcher Demko without a rebound.
12:25 of 3rd period - Sean Kuraly wins face-off versus Colton Sissons in Nashville Predators zone.
12:32 of 3rd period - Snap shot by Luke Glendening.
12:32 of 3rd period - Stopped by Thatcher Demko without a rebound.
12:33 of 3rd period - Sean Kuraly wins face-off versus Colton Sissons in Nashville Predators zone.
13:05 of 3rd period - Minor Penalty to Luke Glendening for Delaying the game.
13:06 of 3rd period - Pius Suter wins face-off versus Casey Cizikas in Philadelphia Flyers zone.
13:08 of 3rd period - Snap shot by Timo Meier.
13:08 of 3rd period - Shot Misses the Net.
13:10 of 3rd period - Snap shot by Alex DeBrincat.
13:10 of 3rd period - Shot Blocked by Vladislav Gavrikov.
13:12 of 3rd period - Slapshot by Alex DeBrincat.
13:12 of 3rd period - Stopped by Connor Ingram with a rebound.
13:14 of 3rd period - Slapshot by Trevor Zegras.
13:14 of 3rd period - Stopped by Connor Ingram without a rebound.
13:15 of 3rd period - Casey Cizikas wins face-off versus Pius Suter in Philadelphia Flyers zone.
14:18 of 3rd period - Wrist shot by Leo Carlsson.
14:18 of 3rd period - Stopped by Connor Ingram with a rebound.
14:20 of 3rd period - Slapshot by Trevor Zegras.
14:20 of 3rd period - Stopped by Connor Ingram with a rebound.
14:41 of 3rd period - Slapshot by Sean Kuraly.
14:41 of 3rd period - Shot Misses the Net.
14:46 of 3rd period - Icing by Colton Sissons.
14:47 of 3rd period - Casey Cizikas wins face-off versus Colton Sissons in Nashville Predators zone.
14:54 of 3rd period - Snap shot by Casey Cizikas.
14:54 of 3rd period - Stopped by Thatcher Demko with a rebound.
15:05 of 3rd period - Penalty to Luke Glendening is over, Luke Glendening is back on ice.
15:13 of 3rd period - Snap shot by Colton Sissons.
15:13 of 3rd period - Shot Misses the Net.
15:31 of 3rd period - Slapshot by Vladislav Gavrikov.
15:31 of 3rd period - Stopped by Thatcher Demko with a rebound.
15:33 of 3rd period - Snap shot by Radek Faksa.
15:33 of 3rd period - Shot Misses the Net.
15:35 of 3rd period - Wrist shot by Casey Cizikas.
15:35 of 3rd period - Stopped by Thatcher Demko with a rebound.
15:37 of 3rd period - Wrist shot by Radek Faksa.
15:37 of 3rd period - Shot Misses the Net.
15:39 of 3rd period - Slapshot by William Borgen.
15:39 of 3rd period - Shot Misses the Net.
15:41 of 3rd period - Wrist shot by Luke Glendening.
15:41 of 3rd period - Stopped by Thatcher Demko with a rebound.
15:51 of 3rd period - Snap shot by Luke Glendening.
15:51 of 3rd period - Stopped by Thatcher Demko with a rebound.
16:03 of 3rd period - Snap shot by Radek Faksa.
16:03 of 3rd period - Stopped by Thatcher Demko without a rebound.
16:04 of 3rd period - Jack McBain wins face-off versus Christian Dvorak in Nashville Predators zone.
16:13 of 3rd period - Snap shot by Jack McBain.
16:13 of 3rd period - Shot Misses the Net.
16:15 of 3rd period - Slapshot by Joel Edmundson.
16:15 of 3rd period - Shot Misses the Net.
16:47 of 3rd period - Icing by Ben Chiarot.
16:48 of 3rd period - Alexander Wennberg wins face-off versus Cody Glass in Nashville Predators zone.
17:01 of 3rd period - Minor Penalty to Jeff Skinner for Slashing.
17:02 of 3rd period - Sean Kuraly wins face-off versus Timo Meier in Philadelphia Flyers zone.
17:57 of 3rd period - Travis Sanheim is hit by Luke Glendening and loses puck.
18:46 of 3rd period - Rasmus Andersson is hit by Joshua Brown and loses puck.
19:01 of 3rd period - Penalty to Jeff Skinner is over, Jeff Skinner is back on ice.
19:19 of 3rd period - Snap shot by Alexander Wennberg.
19:19 of 3rd period - Shot Blocked by Joshua Brown.
19:53 of 3rd period - Icing by Brandon Montour.
19:54 of 3rd period - Jack McBain wins face-off versus Christian Dvorak in Nashville Predators zone.
Goals for this period are 1 for Philadelphia Flyers vs 0 for Nashville Predators.
Shots for this period are 20 for Philadelphia Flyers vs 10 for Nashville Predators.
Back to the Top